 Dungeon Crawl Stone Soup version 0.30-a0-778-g2ef04afb54 (webtiles) character file.

Game seed: 10880264456763492518

14 scionoferis the Vexing (level 2, 0/23 HPs)
             Began as a Demigod Hexslinger on Feb 15, 2023.
             Slain by a quokka (2 damage)
             ... on level 1 of the Dungeon.
             The game lasted 00:00:49 (232 turns).

scionoferis the Vexing (Demigod Hexslinger)          Turns: 232, Time: 00:00:50

Health: 0/23       AC:  2    Str: 11    XL:     2   Next: 15%
Magic:  5/5        EV: 12    Int: 15    God:
Gold:   11         SH:  0    Dex: 14    Spells: 2/3 levels left

rFire   . . .      SeeInvis .    a - +1 sling
rCold   . . .      Faith    .    (no shield)
rNeg    . . .      Spirit   .    c - +0 robe
rPois   .          Reflect  .    (no helmet)
rElec   .          Harm     .    (no cloak)
rCorr   .          Rampage  .    (no gloves)
Will    .....                    (no boots)
Stlth   ++                       (no amulet)
HPRegen 0.23/turn                (no ring)
MPRegen 0.09/turn                (no ring)

@: no status effects
A: high MP 1, forlorn, divine attributes
a: no special abilities


You were on level 1 of the Dungeon.
You visited 1 branch of the dungeon, and saw 1 of its levels.

You collected 11 gold pieces.


Innate Abilities, Weirdness & Mutations

You have an increased reservoir of magic. (+10% MP)
You shall have no god before yourself.
Your divine heritage dramatically boosts your attributes as you level up.


   Skills:
 + Level 1.2 Fighting
 - Level 1.7 Ranged Weapons
 * Level 2.3 Dodging
 + Level 0.8 Stealth
 - Level 1.0 Spellcasting
 - Level 2.6 Hexes


You had 2 spell levels left.
You knew the following spells:

 Your Spells              Type           Power      Damage    Failure   Level
a - Slow                  Hex            32%        N/A       9%          1

Your spell library contained the following spells:

 Spells                   Type           Power      Damage    Failure   Level
 Inner Flame              Hex/Fire       4%         N/A       38%         3
 Portal Projectile        Hex/Tloc       8%         N/A       38%         3
 Cause Fear               Hex            4%         N/A       63%         4

Inventory:

Hand Weapons
 a - a +1 sling (weapon)
 e - a +0 short sword
   (You took it off a kobold on level 1 of the Dungeon)
Missiles
 f - 5 poisoned darts
Armour
 c - a +0 robe (worn)
Scrolls
 b - 2 scrolls of poison
 d - a scroll of identify {unknown}

Dungeon Overview and Level Annotations

Branches:
Dungeon (1/15)

#### ....
...#####.......#..
##....#.......... #
#####...........#
.# .#
##..........##.# #.
.# ##...........
#... .#
...........###.....
.###.#
#....)..##....#
..... #.....†r@.#
..## ######..######
.## ##†.....##
.####.......#
..(...#....##
.#........##
...####...# ####
##### #


You could see a quokka.


Message History

Welcome, scionoferis the Demigod Hexslinger.
It is said that the Orb of Zot exists deep within this dungeon.
Press ? for a list of commands and other information.
Found a staircase leading out of the dungeon.
You open the door.
There is an open door here.
A quokka comes into view.
You shoot a sling bullet. The sling bullet hits the quokka.
The quokka is almost dead.
You shoot a sling bullet. The sling bullet misses the quokka.
You shoot a sling bullet.
The sling bullet closely misses the quokka.
You shoot a sling bullet.
The sling bullet closely misses the quokka.
You shoot a sling bullet.
The sling bullet closely misses the quokka.
The quokka barely misses you.
You shoot a sling bullet. The sling bullet misses the quokka.
The quokka bites you. The quokka closely misses you.
You shoot a sling bullet. The sling bullet hits the quokka.
The quokka is almost dead.
The quokka twitches its whiskers.
The quokka closely misses you.
You shoot a sling bullet. The sling bullet hits the quokka.
You kill the quokka!
No target in view!
HP restored.
You now have 11 gold pieces.
An endoplasm comes into view.
You shoot a sling bullet. The sling bullet hits the endoplasm.
The endoplasm quivers.
The endoplasm is almost dead.
You shoot a sling bullet.
The sling bullet hits the endoplasm but does no damage.
The endoplasm is almost dead.
You shoot a sling bullet. The sling bullet hits the endoplasm.
You kill the endoplasm!
Your Fighting skill increases to level 1!
No target in view!
You open the door.
There is an open door here.
There is an open door here.
As you open the door, it creaks loudly!
There is an open door here.
An endoplasm comes into view.
The endoplasm quivers.
The endoplasm jiggles.
You shoot a sling bullet. The sling bullet hits the endoplasm.
The endoplasm is heavily wounded.
You shoot a sling bullet.
The sling bullet hits the endoplasm but does no damage.
The endoplasm is heavily wounded.
You shoot a sling bullet. The sling bullet hits the endoplasm.
The endoplasm is almost dead.
You shoot a sling bullet. The sling bullet hits the endoplasm.
You kill the endoplasm!
Your Dodging skill increases to level 2!
No target in view!
No target in view!
A giant cockroach comes into view.
Found 4 stones.
You shoot a sling bullet.
The sling bullet hits the giant cockroach.
The giant cockroach is heavily wounded.
You shoot a sling bullet.
The sling bullet hits the giant cockroach.
The giant cockroach is almost dead.
The giant cockroach closely misses you.
You shoot a sling bullet.
The sling bullet hits the giant cockroach.
You kill the giant cockroach!
No target in view!
An endoplasm comes into view.
An endoplasm is nearby!
You shoot a sling bullet. The endoplasm quivers.
The sling bullet hits the endoplasm but does no damage.
A kobold comes into view. It is wielding a +0 short sword.
The kobold moves out of view.
You shoot a sling bullet. The sling bullet hits the endoplasm.
The endoplasm is severely wounded.
You shoot a sling bullet. The sling bullet hits the endoplasm.
You kill the endoplasm!
No target in view!
No target in view!
d - a scroll labelled ZYPIECK NYSMA A kobold is nearby!
You shoot a sling bullet. The sling bullet misses the kobold.
The kobold shouts!
You shoot a sling bullet.
The sling bullet barely misses the kobold.
A giant cockroach comes into view.
You shoot a sling bullet.
The sling bullet closely misses the kobold.
You shoot a sling bullet.
The sling bullet closely misses the kobold.
You shoot a sling bullet.
The sling bullet barely misses the kobold.
The sling bullet hits the giant cockroach but does no damage.
The kobold hits you with a +0 short sword.
You shoot a sling bullet.
The sling bullet barely misses the kobold.
The sling bullet barely misses the giant cockroach.
The kobold closely misses you.
You shoot a sling bullet.
The sling bullet hits the giant cockroach.
The giant cockroach is heavily wounded.
The giant cockroach bites you.
The kobold hits you with a +0 short sword.
The giant cockroach barely misses you.
You shoot a sling bullet.
The sling bullet hits the giant cockroach.
You kill the giant cockroach!
The kobold barely misses you. x2
You shoot a sling bullet.
The sling bullet barely misses the kobold.
The kobold misses you.
You shoot a sling bullet. The sling bullet hits the kobold.
You kill the kobold!
No target in view!
No target in view!
b - 2 scrolls of poison (gained 1)
A goblin comes into view. It is wielding a +0 club.
Search for what [? for help]? s\word Can't find anything matching that.
Sorry, you're not good enough to have a special ability.
Search for what [Enter for "s\word", or ? for help]? blade A goblin is nearby!
(D) Dungeon
Where to? (Enter - D:1 @ (x,y), ? - help)
You see here a +0 short sword.
e - a +0 short sword
Found 4 stones.
You see here 4 stones.
A rat comes into view.
Found 5 poisoned darts.
The rat moves out of view.
An endoplasm comes into view.
You shoot a sling bullet.
The sling bullet hits the endoplasm but does no damage.
The endoplasm freezes you.
You are frozen.
The endoplasm freezes you.
You are frozen.
You shoot a sling bullet. The sling bullet hits the endoplasm.
The endoplasm is severely wounded.
The endoplasm hits you but does no damage.
You shoot a sling bullet.
The sling bullet hits the endoplasm but does no damage.
The endoplasm is severely wounded.
The rat barely misses you. The endoplasm hits you.
You shoot a sling bullet. The sling bullet hits the endoplasm.
You kill the endoplasm!
The rat barely misses you.
You have reached level 2!
You shoot a sling bullet. The sling bullet barely misses the rat.
The rat closely misses you. The rat bites you but does no damage.
You shoot a sling bullet. The sling bullet hits the rat!
You kill the rat!
No target in view!
No target in view!
You start resting.
HP restored.
You see here 5 poisoned darts.
f - 5 poisoned darts The goblin shouts!
You shoot a sling bullet. The sling bullet hits the goblin.
The goblin is moderately wounded.
You shoot a sling bullet.
The sling bullet closely misses the goblin.
A quokka comes into view.
You shoot a sling bullet.
The sling bullet closely misses the goblin.
The sling bullet misses the quokka.
You shoot a sling bullet. The sling bullet hits the goblin.
The goblin is heavily wounded.
You shoot a sling bullet.
The sling bullet hits the goblin but does no damage.
The goblin is heavily wounded.
A bat comes into view.
The goblin barely misses you. The goblin hits you with a +0 club.
You shoot a sling bullet.
The sling bullet completely misses the goblin.
The sling bullet closely misses the quokka.
The goblin hits you with a +0 club. The quokka bites you.
The bat hits you but does no damage.
You shoot a sling bullet.
The sling bullet closely misses the goblin.
The bat barely misses you. The quokka bites you.
The goblin hits you but does no damage.
You shoot a sling bullet.
The sling bullet closely misses the goblin.
The bat closely misses you. The quokka completely misses you.
The bat hits you but does no damage. The goblin closely misses you.
The quokka barely misses you. The goblin hits you but does no damage.
You shoot a sling bullet. The sling bullet hits the goblin.
You kill the goblin!
The bat hits you. The quokka bites you.
You shoot a sling bullet. The sling bullet hits the quokka.
The quokka is moderately wounded.
The bat closely misses you. The quokka bites you.
The quokka closely misses you.
You are too injured to fight recklessly!
You are too injured to fight recklessly!
You are too injured to fight recklessly!
Fire: a) +1 sling
Press: ? - help, Q - select action, (/) - cycle Shift-Dir - straight line, f/p - quokka
Aim: a quokka (moderately wounded, 43% to hit)
You shoot a sling bullet.
The sling bullet closely misses the quokka.
The bat barely misses you. The quokka barely misses you.
The quokka closely misses you. The bat barely misses you.
The bat hits you but does no damage. The bat hits you but does no damage.
Fire: a) +1 sling
Press: ? - help, Q - select action, (/) - cycle Shift-Dir - straight line, f/p - quokka
Aim: a quokka (moderately wounded, 43% to hit)
You shoot a sling bullet.
The sling bullet hits the quokka but does no damage.
The quokka is moderately wounded.
The quokka bites you. The quokka closely misses you.
Fire: a) +1 sling
Press: ? - help, Q - select action, (/) - cycle Shift-Dir - straight line, f/p - quokka
Aim: a quokka (moderately wounded, 43% to hit)
You shoot a sling bullet. The sling bullet misses the quokka.
The quokka bites you.
* * * LOW HITPOINT WARNING * * *
Fire: a) +1 sling
Press: ? - help, Q - select action, (/) - cycle Shift-Dir - straight line, f/p - quokka
Aim: a quokka (moderately wounded, 43% to hit)
You shoot a sling bullet.
The sling bullet closely misses the quokka.
The sling bullet hits the bat.
You kill the bat!
The quokka bites you.
* * * LOW HITPOINT WARNING * * *
The quokka closely misses you.
Fire: a) +1 sling
Press: ? - help, Q - select action, (/) - cycle Shift-Dir - straight line, f/p - quokka
Aim: a quokka (moderately wounded, 43% to hit)
You shoot a sling bullet.
The sling bullet hits the quokka but does no damage.
The quokka is moderately wounded.
The quokka bites you.
You die...

Skill      XL: |  1 |
---------------+----+-----
Fighting       | 1 |  1.2
Dodging        | 2 |  2.3
Ranged Weapons | |  1.7
Stealth        | |  0.8
Spellcasting   | |  1.0
Hexes          | |  2.6

Action                     || total
---------------------------++-------
   Fire: Sling             ||    52
 Armour: Robe              ||     8
  Dodge: Dodged            ||    26

Levels and vault maps discovered:
D:1:      dpeg_arrival_court, layout_rooms

Notes
Turn   | Place    | Note
-------+----------+-------------------------------------------
     0 | D:1      | scionoferis the Demigod Hexslinger began the quest for the
                  | Orb.
     0 | D:1      | Reached XP level 1. HP: 15/15 MP: 4/4
    35 | D:1      | Reached skill level 1 in Fighting
    62 | D:1      | Reached skill level 2 in Dodging
   167 | D:1      | Reached XP level 2. HP: 14/23 MP: 5/5
   231 | D:1      | HP: 1/23 [quokka (5)]
   232 | D:1      | Slain by a quokka

Vanquished Creatures
  4 endoplasms (D:1)
  2 giant cockroaches (D:1)
  A goblin (D:1)
  A kobold (D:1)
  A quokka (D:1)
  A bat (D:1)
  A rat (D:1)
11 creatures vanquished.

Table legend: (Time is in decaauts)
 A = Elapsed time spent in this place.
 B = Non-inter-level travel time spent in this place.
 C = Inter-level travel time spent in this place.
 D = Time resting spent in this place.
 E = Time spent auto-exploring this place.
 F = Levels seen in this place.
 G = Mean time per level.
                   A        B        C        D        E       F      G
               +--------+--------+--------+--------+--------+-----+--------+
         Total |    247 |    236 |     11 |     34 |    111 |   1 |  247.0 |
       Dungeon |    247 |    236 |     11 |     34 |    111 |   1 |  247.0 |
               +--------+--------+--------+--------+--------+-----+--------+

Top non-repeatable levels by time:
     D:1: 247 daAuts

Table legend:
 A = Non-vault XP
 B = Vault XP
 C = Vault XP percentage of total XP
 D = Non-vault monster count
 E = Vault monster count
 F = Vault count percentage of total count
                 A         B        C        D         E       F
            +---------+---------+-------+---------+---------+-------
      Total |      20 |       0 |   0.0 |      11 |       0 |   0.0
            +---------+---------+-------+---------+---------+-------
        D:1 |      20 |       0 |   0.0 |      11 |       0 |   0.0
            +---------+---------+-------+---------+---------+-------
